AoeStats
← matrak_1991

Arena

510355332Analyzed
2v2 RM · 1d ago on Sep 30, 2026· 38m 58s· 4 players
Game mode
Random Map
Map size
Medium (4 player)
Population
200
Speed
Normal
Resources
Standard
Victory
Conquest
Starting age
Dark Age
Ending age
Imperial Age
RankedLock teamsTeams togetherTeam positionsShared explorationLock speedFull tech treeHidden civsTurbo modeCheats
Victory
Defeat
🇹🇷 Byzantines · Türkiye
952
+14
🇹🇷 Portuguese · Türkiye
904
+16
🇹🇷 Chinese · Türkiye
986
-18
🇹🇷 Burmese · Türkiye
837
-12
Gaunter O'Dimm
0:27 Loom
10:41 Feudal Age
11:21 Double-Bit Axe
16:38 Castle Age
17:00 Horse Collar
18:09 Bow Saw
18:02 Heavy Plow
20:07 Stone Mining
22:26 Wheelbarrow
23:08 Stone Shaft Mining
24:53 Hand Cart
24:33 Fletching
25:42 Gold Mining
26:26 Padded Archer Armor
27:08 Ballistics
28:46 Forging
28:57 Squires
29:47 Gold Shaft Mining
31:49 Imperial Age
29:37 Fortified Wall
29:29 Bodkin Arrow
31:00 Leather Archer Armor
31:04 Town Watch
30:49 Pikeman
33:02 Conscription
33:06 Rocketry
32:12 Heavy Rocket Cart
34:41 Chemistry
33:29 Halberdier
36:39 Scale Barding Armor
36:35 Bracer
37:05 Ring Archer Armor
37:11 Iron Casting
36:44 Husbandry
36:55 Bloodlines
36:05 Light Cavalry
37:35 Cavalier
bon sian son
2:48 Loom
11:15 Feudal Age
11:48 Horse Collar
19:32 Castle Age
21:26 Heavy Plow
23:36 Fervor
30:10 Wheelbarrow
32:23 Imperial Age
35:35 Wheelbarrow
35:01 Pikeman
36:24 Halberdier
37:49 Squires
38:22 Hand Cart
matrak_1991
8:51 Loom
11:00 Feudal Age
12:35 Loom
16:21 Castle Age
14:30 Double-Bit Axe
14:59 Stone Mining
16:06 Fletching
17:27 Bow Saw
17:31 Horse Collar
26:10 Heavy Plow
27:04 Wheelbarrow
26:23 Gold Mining
28:06 Hand Cart
31:53 Imperial Age
32:00 Imperial Age
29:54 Bodkin Arrow
30:00 Scale Mail Armor
30:51 Padded Archer Armor
31:02 Forging
31:31 Gold Shaft Mining
32:34 Elite Skirmisher
33:44 Bracer
33:59 Chain Mail Armor
33:09 Light Cavalry
33:50 Husbandry
35:31 Chemistry
34:33 Hussar
35:57 Cavalier
38:37 Two-Man Saw
38:16 Crop Rotation
isanar3
1:11 Loom
11:26 Feudal Age
18:20 Castle Age
16:46 Horse Collar
16:57 Double-Bit Axe
18:06 Gold Mining
18:29 Stone Mining
27:18 Imperial Age
27:25 Bow Saw
27:56 Stone Shaft Mining
27:22 Heavy Plow
29:15 Arquebus
32:10 Bloodlines
31:21 Light Cavalry
35:09 Chemistry
34:30 Ballistics
34:31 Husbandry
35:48 Elite Organ Gun
38:33 Forging
38:23 Scale Mail Armor
Connection lost

Rejoining the realm…

Still unreachable

The connection could not be restored.

Session expired

The server has moved on; the page needs a fresh start.